 Dungeon Crawl Stone Soup version 0.21.0-37-g46506fa (webtiles) character file.

15464 letownia2 the Grappler (level 12, -5/95 HPs)
             Began as a Formicid Artificer on Feb 1, 2018.
             Was an Initiate of Gozag.
             Slain by a sixfirhy (12 damage)
             ... summoned by an orc sorcerer
             ... on level 1 of the Orcish Mines.
             The game lasted 00:38:59 (13194 turns).

letownia2 the Grappler (Formicid Artificer)        Turns: 13194, Time: 00:38:59

Health: -5/95      AC: 16    Str: 27    XL:     12   Next: 58%
Magic:  19/19      EV:  9    Int: 16    God:    Gozag
Gold:   2508       SH: 14    Dex: 11    Spells: 13/21 levels left

rFire    + + .     SeeInvis +     - Unarmed
rCold    + . .     Gourm    +   w - +2 shield
rNeg     + + .     Faith    .   F - +2 chain mail {MR+}
rPois    .         Spirit   .   (helmet unavailable)
rElec    .         Reflect  .   W - +1 cloak of Loam {rF++ rN+ MR- Str+4}
rCorr    .         Harm     .   X - +0 pair of gloves
MR       +....                  R - +0 pair of boots
Stlth    ..........             U - amulet of the gourmand
HPRegen  0.25/turn              C - ring "Pifad" {Wiz rC+ rN+}
MPRegen  0.16/turn              z - +6 ring of strength

@: invisible
A: permanent stasis, dig shafts and tunnels, four strong arms, antennae 3
a: Dig, Shaft Self, Potion Petition, Call Merchant, Bribe Branch, Renounce
Religion


You were on level 1 of the Orcish Mines.
You worshipped Gozag.
Gozag was most pleased with you.
You were very hungry.

You visited 2 branches of the dungeon, and saw 12 of its levels.
You also visited: Sewer.

You collected 3133 gold pieces.
You spent 140 gold pieces at shops.
You paid 485 gold pieces to Gozag.

Inventory:

Hand Weapons
 a - a +2 dagger of venom
 b - a +2 arbalest of velocity
 c - a +1 blowgun
 i - a +0 scimitar of flaming
Missiles
 j - 4 curare-tipped needles
 k - 37 bolts
 P - 6 javelins (quivered)
Armour
 w - a +2 shield (worn)
 F - a +2 chain mail of magic resistance (worn)
 R - a +0 pair of boots (worn)
 T - the +2 leather armour of Grottiness {rPois}
   (You found it on level 9 of the Dungeon)

   It protects you from poison.
 W - the +1 cloak of Loam (worn) {rF++ rN+ MR- Str+4}
   (You found it on level 9 of the Dungeon)

   It affects your strength (+4).
   It greatly protects you from fire.
   It protects you from negative energy.
   It affects your resistance to hostile enchantments.
 X - a +0 pair of gloves (worn)
Magical Staves
 N - an uncursed staff of fire
 Z - an uncursed staff of cold
Jewellery
 p - an uncursed ring of ice
 z - a +6 ring of strength (right hand)
 C - the ring "Pifad" (left hand) {Wiz rC+ rN+}
   (You found it on level 8 of the Dungeon)

   [ring of wizardry]

   It improves your spell success rate.
   It protects you from cold.
   It protects you from negative energy.
 D - an uncursed ring of protection from magic
 J - an uncursed ring of fire
 U - an amulet of the gourmand (around neck)
Wands
 d - a wand of enslavement (14)
 e - a wand of random effects (30)
 A - a wand of polymorph (11)
 G - a wand of flame (30)
 M - a wand of paralysis (18)
 S - a wand of iceblast (6)
Scrolls
 l - 2 scrolls of amnesia
 n - 7 scrolls of remove curse
 o - 2 scrolls of torment
 s - 3 scrolls of enchant weapon
 u - 2 scrolls of magic mapping {unknown}
 y - 2 scrolls of fear {unknown}
 H - a scroll of random uselessness {unknown}
 I - a scroll of fog {unknown}
 L - 3 scrolls of enchant armour {unknown}
 O - a scroll of noise {unknown}
 Q - 2 scrolls of immolation {unknown}
 Y - a scroll of silence {unknown}
Potions
 g - 2 potions of magic
 h - 2 potions of curing
 m - a potion of invisibility
 r - 2 potions of heal wounds
 t - a potion of might
 v - a potion of mutation
 x - 4 potions of flight
 B - 2 potions of cancellation
 E - a potion of brilliance
 V - a potion of lignification
Comestibles
 f - 10 rations


   Skills:
 - Level 9.1 Fighting
 - Level 1.0 Short Blades
 - Level 6.0 Armour
 - Level 1.7 Dodging
 - Level 1.2 Stealth
 - Level 9.3 Shields
 + Level 12.1 Unarmed Combat
 - Level 5.1 Spellcasting
 - Level 3.0 Charms
 - Level 2.1 Summonings
 - Level 2.9 Necromancy
 - Level 3.1 Transmutations
 - Level 3.5 Earth Magic
 - Level 3.2 Evocations


You had 13 spell levels left.
You knew the following spells:

 Your Spells              Type           Power        Failure   Level  Hunger
d - Summon Small Mammal   Summ           ##..         13%         1    None
g - Regeneration          Chrm/Necr      ##........   26%         3    ###....
t - Apportation           Tloc           #.....       32%         1    None
w - Passwall              Tmut/Erth      ##........   12%         2    #......
z - Summon Butterflies    Summ           ##......     13%         1    None


Dungeon Overview and Level Annotations

Branches:
Dungeon (11/15)            Temple (0/1) D:6            Lair (0/6) D:11
    Orc (1/2) D:11

Altars:
Cheibriados
Dithmenos
Elyvilon
Gozag
Okawaru
Qazlal
Ru
Uskayaw
Zin
Beogh

Shops:
D:4 [%   Orc:1 ?

Portals:
Trove: D:10 (give 5 potions of resistance)


Innate Abilities, Weirdness & Mutations

You cannot be hasted, slowed, berserked, paralysed or teleported.
You can dig through walls and to a lower floor.
Your four strong arms can wield two-handed weapons with a shield.
You have a pair of large antennae on your head. (SInv)


Message History

The sixfirhy is moderately wounded.
You miss the sixfirhy.
The sixfirhy is moderately wounded.
You hit the sixfirhy.
The sixfirhy is moderately wounded.
You miss the sixfirhy.
The sixfirhy is moderately wounded.
You block the sixfirhy's attack. The sixfirhy hits you.
The sixfirhy shocks you! The sixfirhy hits you!
* * * LOW HITPOINT WARNING * * *
The sixfirhy shocks you!
* * * LOW HITPOINT WARNING * * *
Unknown command.
You fade into invisibility!
The sixfirhy closely misses you. You block the sixfirhy's attack. x2
The sixfirhy hits you!
* * * LOW HITPOINT WARNING * * *
The sixfirhy shocks you!
You die...
Your body crumbles into a pile of gold.

##.## ##.##
#.## ##.##
##.## ##.##
##.## ##.####
##.#@# ##3##
##{### #
##).### #.##
#))..##.....
##...........
#...#.##.#..
##..o).# #
##......##


You could see a sixfirhy.

Vanquished Creatures
  Josephine (D:10)
  A centaur warrior (D:8)
  Erica (D:10)
  3 two-headed ogres
  A wizard (D:10)
  An ugly thing (D:8)
  A cyclops (D:11)
  A manticore (D:11)
  The ghost of nikopol the Thaumaturge, a novice DEFE of Sif Muna (D:5)
  3 yaktaurs (D:11)
  A kobold demonologist (D:11)
  2 trolls
  The ghost of letownia2 the Skirmisher, an amateur FoAr (D:3)
  3 hippogriffs
  5 wraiths
  Sigmund (D:4)
  3 yaks (D:11)
  A spriggan (D:9)
  A hungry ghost (D:11)
  A warg (Orc:1)
  2 water moccasins
  2 black bears
  A sky beast (D:6)
  A necrophage (D:7)
  An ice beast (D:8)
  An eye of draining (D:10)
  6 orc warriors
  3 ogres
  2 big kobolds
  5 bullfrogs
  3 scorpions
  20 killer bees
  3 howler monkeys
  7 wights
  An electric eel (D:9)
  A bullfrog zombie (D:7)
  3 crimson imps
  4 hounds
  3 jellies
  2 centaur skeletons
  11 orc priests
  4 bullfrog skeletons
  22 orc wizards
  A gnoll shaman (Orc:1)
  An iron imp (D:9)
  Terence (D:3)
  2 iguanas (D:10)
  7 worker ants
  2 worker ant zombies
  5 gnolls
  12 adders
  2 river rats (Sewer)
  2 oozes
  5 worms
  2 dart slugs
  5 leopard geckos
  65 orcs
  6 giant cockroaches
  6 goblins
  10 hobgoblins
  11 jackals
  17 kobolds
  7 quokkas
  A ball python skeleton (D:5)
  5 bats
  8 frilled lizards
  A jackal skeleton (D:5)
  2 quokka skeletons
  12 rats
339 creatures vanquished.

Notes
Turn   | Place    | Note
-------+----------+-------------------------------------------
     0 | D:1      | letownia2 the Formicid Artificer began the quest for the Orb.
     0 | D:1      | Reached XP level 1. HP: 15/15 MP: 3/3
    84 | D:2      | Reached XP level 2. HP: 14/23 MP: 4/4
   481 | D:2      | Reached XP level 3. HP: 17/29 MP: 5/5
   503 | D:2      | Found an iron altar of Okawaru.
   562 | D:2      | Found a glowing silver altar of Zin.
   580 | D:2      | Found an opulent altar of Gozag.
   581 | D:2      | Found a sacrificial altar of Ru.
   585 | D:2      | Became a worshipper of Gozag Ym Sagoz the Greedy
   846 | D:1      | Reached XP level 4. HP: 35/37 MP: 6/6
  1590 | D:2      | Reached XP level 5. HP: 43/43 MP: 7/7
  1699 | D:2      | Reached skill level 5 in Fighting
  1721 | D:2      | Found an iron altar of Okawaru.
  1923 | D:2      | Reached skill level 1 in Shields
  2040 | D:3      | Reached XP level 6. HP: 11/51 MP: 8/8
  2607 | D:3      | Noticed an ogre
  2689 | D:3      | Noticed letownia2's ghost (amateur FoAr)
  2938 | D:3      | Noticed Terence
  2967 | D:3      | Killed Terence
  3546 | D:3      | Killed an ogre
  3546 | D:3      | Reached skill level 5 in Shields
  3661 | D:3      | Reached XP level 7. HP: 43/56 MP: 9/9
  3901 | D:3      | Found a faded altar of an unknown god.
  4015 | D:3      | Killed letownia2's ghost
  4168 | D:4      | Noticed Sigmund
  4205 | D:4      | Killed Sigmund
  4205 | D:4      | Reached XP level 8. HP: 49/62 MP: 10/10
  4282 | D:4      | Found a glowing drain.
  4315 | Sewer    | Entered a sewer
  4456 | Sewer    | Reached skill level 1 in Armour
  4497 | Sewer    | Found a white marble altar of Elyvilon.
  4754 | D:4      | Found Pikom's Food Boutique.
  4766 | D:4      | Found a shadowy altar of Dithmenos.
  5225 | D:4      | Bought a ration for 70 gold pieces
  5225 | D:4      | Bought a ration for 70 gold pieces
  5250 | D:5      | Entered Level 5 of the Dungeon
  5322 | D:5      | Reached XP level 9. HP: 40/71 MP: 11/11
  5471 | D:5      | Noticed nikopol's ghost (novice DEFE)
  5647 | D:5      | Killed nikopol's ghost
  5965 | D:6      | Learned a level 1 spell: Summon Small Mammal
  6028 | D:6      | Learned a level 2 spell: Passwall
  6079 | D:6      | Learned a level 3 spell: Regeneration
  6209 | D:6      | Reached skill level 1 in Spellcasting
  6247 | D:6      | Reached skill level 1 in Earth Magic
  6738 | D:6      | Found a staircase to the Ecumenical Temple.
  6835 | D:7      | Noticed a hand axe
  6837 | D:7      | Found a hide-covered altar of Uskayaw.
  6837 | D:7      | Noticed a dagger
  6859 | D:7      | Identified the Grimoire of Slavery and Aid
  6927 | D:7      | Reached skill level 1 in Charms
  6927 | D:7      | Reached skill level 1 in Summonings
  6927 | D:7      | Reached skill level 1 in Necromancy
  6927 | D:7      | Reached skill level 1 in Transmutations
  7120 | D:7      | Found a shadowy altar of Dithmenos.
  7830 | D:8      | Noticed a two-headed ogre
  7889 | D:8      | Killed a two-headed ogre
  7889 | D:8      | Reached XP level 10. HP: 48/83 MP: 12/14
  8079 | D:8      | Noticed a centaur warrior
  8083 | D:8      | Noticed a green ugly thing
  8101 | D:8      | Killed a centaur warrior
  8105 | D:8      | Killed a green ugly thing
  8223 | D:8      | Got an ancient jade ring
  8293 | D:8      | Reached skill level 5 in Spellcasting
  8310 | D:8      | Identified the ring "Pifad" {Wiz rC+ rN+} (You found it on level 8 of the Dungeon)
  8402 | D:8      | Reached skill level 5 in Armour
  8402 | D:8      | Reached skill level 1 in Unarmed Combat
  8498 | D:8      | Found a white marble altar of Elyvilon.
  8590 | D:8      | Found a stormy altar of Qazlal.
  8703 | D:8      | Learned a level 1 spell: Summon Butterflies
  8705 | D:8      | Learned a level 1 spell: Apportation
  8743 | D:9      | Reached skill level 2 in Unarmed Combat
  8757 | D:9      | Reached XP level 11. HP: 87/89 MP: 18/18
  9088 | D:9      | Noticed a two-headed ogre
  9432 | D:9      | Found a snail-covered altar of Cheibriados.
  9575 | D:9      | Got a pitted leather armour
  9682 | D:9      | Reached skill level 3 in Unarmed Combat
  9754 | D:9      | Reached skill level 4 in Unarmed Combat
  9808 | D:9      | Killed a two-headed ogre
  9808 | D:9      | Reached skill level 5 in Unarmed Combat
 10044 | D:9      | Got a steaming cloak
 10050 | D:9      | Identified the +1 cloak of Loam {rF++ rN+ MR- Str+4} (You found it on level 9 of the Dungeon)
 10136 | D:10     | Entered Level 10 of the Dungeon
 10161 | D:10     | Noticed Sonja
 10164 | D:10     | Noticed Sonja
 10164 | D:10     | Sonja changed into Sonja the eye of draining
 10187 | D:10     | Killed Sonja the eye of draining
 10224 | D:10     | Identified the +2 leather armour of Grottiness {rPois} (You found it on level 9 of the Dungeon)
 10243 | D:10     | Found a portal to a secret trove of treasure.
 10257 | D:10     | Noticed Erica
 10299 | D:10     | Killed Erica
 10299 | D:10     | Reached skill level 6 in Unarmed Combat
 10317 | D:10     | Reached skill level 7 in Unarmed Combat
 10589 | D:10     | Noticed Josephine
 10636 | D:10     | Killed Josephine
 10654 | D:10     | Reached skill level 8 in Unarmed Combat
 10761 | D:10     | Noticed a wizard
 10788 | D:10     | Killed a wizard
 11008 | D:10     | Reached skill level 9 in Unarmed Combat
 11719 | D:11     | Found a staircase to the Orcish Mines.
 11783 | D:11     | Reached XP level 12. HP: 90/95 MP: 19/19
 11903 | D:11     | Reached skill level 10 in Unarmed Combat
 12302 | D:11     | Found a staircase to the Lair.
 12315 | D:11     | Reached skill level 11 in Unarmed Combat
 12410 | D:11     | Noticed a two-headed ogre
 12422 | D:11     | Killed a two-headed ogre
 12829 | Orc:1    | Entered Level 1 of the Orcish Mines
 12906 | Orc:1    | Found a roughly hewn altar of Beogh.
 12982 | Orc:1    | Found Tomecs's Magic Scroll Boutique.
 13131 | Orc:1    | Reached skill level 12 in Unarmed Combat
 13177 | Orc:1    | Noticed a sixfirhy
 13194 | Orc:1    | Slain by a sixfirhy

Skill      XL: |  1  2  3  4  5  6  7  8  9 10 11 12 |
---------------+-------------------------------------+-----
Fighting       | 2 3 4 5 6 9 |  9.1
Shields        | 2 5 8 9 |  9.3
Armour         | 2 3 5 6 |  6.0
Spellcasting   | 3 5 |  5.1
Earth Magic    | 2 3 |  3.5
Charms         | 2 3 |  3.0
Summonings     | 2 |  2.1
Necromancy     | 2 |  2.9
Transmutations | 2 3 |  3.1
Unarmed Combat | 2 9 12 | 12.1
Short Blades   | |  1.0
Dodging        | |  1.7
Stealth        | |  1.2
Evocations     | |  3.2

Action                   |  1- 3 |  4- 6 |  7- 9 | 10-12 || total
-------------------------+-------+-------+-------+-------++-------
Melee: Short sword       |    85 |    96 |   115 |   129 ||   425
       Dagger            |       |   184 |   330 |   362 ||   876
       Flail             |       |    19 |    22 |       ||    41
       Unarmed           |       |       |       |   357 ||   357
 Fire: Blowgun           |       |       |       |    15 ||    15
Throw: Throwing net      |       |       |       |     2 ||     2
 Cast: Summon Butterflie |       |       |       |     5 ||     5
Invok: Call Merchant     |       |       |     1 |       ||     1
 Abil: Dig               |       |     2 |     3 |    20 ||    25
Evoke: Wand              |     6 |     4 |     1 |    19 ||    30
  Use: Potion            |     1 |       |       |     5 ||     6
       Scroll            |       |       |     9 |     5 ||    14
 Stab: Distracted        |       |       |     2 |     2 ||     4
       Paralysed         |       |       |       |     7 ||     7
  Eat: Ration            |       |     3 |     4 |     6 ||    13
       Chunk             |       |       |       |     2 ||     2
Armor: Leather armour    |     4 |       |       |       ||     4
       Ring mail         |    34 |    91 |    44 |       ||   169
       Chain mail        |       |       |    25 |   212 ||   237
Dodge: Dodged            |    51 |   150 |   117 |   165 ||   483
Block: Shield            |       |    13 |   254 |   448 ||   715
